 Dungeon Crawl Stone Soup version 0.11.0-9-gb634444 (webtiles) character file.

136 NarcissusIII the Sneak (level 3, -1/20 HPs)
             Began as a Kobold Stalker on Oct 21, 2012.
             Slain by Sigmund
             ... wielding a +0,+0 scythe
              (9 damage)
             ... on Level 2 of the Dungeon.
             The game lasted 00:07:56 (1073 turns).

NarcissusIII the Sneak (Kobold Stalker)             Turns: 1073, Time: 00:07:56

HP  -1/20        AC  6     Str  9      XL: 3   Next: 72%
MP   4/4         EV 15     Int 11      God:
Gold 96          SH  0     Dex 16      Spells:  2 memorised,  2 levels left

Res.Fire  : . . .   See Invis. : .   a - +2 dagger {=f}
Res.Cold  : . . .   Warding    : .   h - +2 elf robe
Life Prot.: . . .   Conserve   : .   (no shield)
Res.Poison: +       Res.Corr.  : .   (no helmet)
Res.Elec. : .       Clarity    : .   g - +0 cloak
Sust.Abil.: . .     Spirit.Shd : .   u - +0 pair of gloves
Res.Mut.  : .       Stasis     : .   (no boots)
Res.Rott. : .       Ctrl.Telep.: .   (no amulet)
Saprovore : + + .   Levitation : .   (no ring) Ctrl.Flight: .
                                     p - ring of poison resistance {unknown}

@: not resistant to hostile enchantments, quite stealthy
A: disease resistance, carnivore 3, saprovore 2
a: no special abilities


You were on level 2 of the Dungeon.
You were very full.

You visited 1 branch of the dungeon, and saw 2 of its levels.

You collected 76 gold pieces.

Inventory:

Hand weapons
 a - a +2,+2 dagger (weapon) {=f}
 q - a +0,+2 orcish dagger (quivered)
Armour
 g - a +0 cloak (worn)
 h - a +2 elven robe (worn)
 u - a +0 pair of gloves (worn)
Comestibles
 f - 2 meat rations
Scrolls
 b - a scroll of recharging {unknown}
 i - 4 scrolls of identify {unknown}
 j - a scroll of noise {unknown}
 l - a scroll of enchant armour {unknown}
 v - a scroll of amnesia {unknown}
 w - a scroll of enchant weapon II {unknown}
Jewellery
 p - a ring of poison resistance (left hand) {unknown}
 t - an uncursed amulet of guardian spirit {unknown}
Potions
 c - a potion of degeneration {unknown}
 e - 4 potions of confusion
 k - 5 potions of curing {unknown}
 m - a potion of slowing {unknown}
 n - 2 potions of poison
 o - 2 potions of heal wounds {unknown}
 s - a potion of porridge {unknown}
Books
 d - a book of Stalking

   Spells                             Type                      Level
   *Fulsome Distillation              Transmutation/Necromancy     1
   *Evaporate                         Fire/Transmutation           2
   Passwall                           Transmutation/Earth          3
   Petrify                            Transmutation/Earth          4
   Dig                                Transmutation/Earth          4


   Skills:
 - Level 1.1 Fighting
 - Level 1.3 Short Blades
 - Level 2.4 Dodging
 * Level 4.2 Stealth
 - Level 2.9 Stabbing
 - Level 1.6 Spellcasting
 - Level 1.7 Transmutations
 + Level 0.6 Fire Magic


You had 2 spell levels left.
You knew the following spells:

 Your Spells              Type           Power        Failure   Level  Hunger
a - Fulsome Distillation  Trmt/Necr      N/A          24%         1    ##.....
b - Evaporate             Fire/Trmt      #......      30%         2    ###....


Dungeon Overview and Level Annotations

Branches:
Dungeon (2/27)

Altars:

Annotations
D:2 Sigmund


Innate Abilities, Weirdness & Mutations

You recuperate from illness quickly.
You are small and have problems with some larger weapons.
You are carnivorous and can eat meat at any time.
You can eat rotten meat.


Message History

Sigmund casts a spell at you. The puff of flame hits you!
Found a spear.
You hit Sigmund.
Sigmund is lightly wounded.
Sigmund closely misses you.
You completely miss Sigmund.
Sigmund is lightly wounded.
You hit Sigmund.
Sigmund is moderately wounded.
Sigmund closely misses you.
You barely miss Sigmund.
Sigmund is moderately wounded.
You barely miss Sigmund.
Sigmund is moderately wounded.
Sigmund misses you.
You hit Sigmund.
Sigmund is moderately wounded.
Sigmund hits you with a scythe!
You die...

#.#.#...
#.#.#.#######
#.#...........
.###.########
########+###.........
#.............#######
#.............#..#
#..........!.....#
#.....@@....>##.##
#...............#
#...........#####
+...........#
#.......>...#
...........#
).........# .........
###


You could see Sigmund.

Vanquished Creatures
  An adder (D:2)
  2 bats
  2 giant cockroaches (D:1)
  7 goblins (D:1)
  4 hobgoblins
  3 jackals (D:1)
  4 kobolds (D:1)
  2 giant newts
  2 rats (D:1)
27 creatures vanquished.

Notes
Turn   | Place    | Note
--------------------------------------------------------------
     0 | D:1      | NarcissusIII, the Kobold Stalker, began the quest for the Orb.
     0 | D:1      | Reached XP level 1. HP: 12/12 MP: 1/1
   245 | D:1      | Reached skill level 3 in Stealth
   245 | D:1      | Reached XP level 2. HP: 13/16 MP: 2/2
   254 | D:1      | Learned a level 2 spell: Evaporate
   488 | D:1      | Reached XP level 3. HP: 17/20 MP: 4/4
  1013 | D:2      | Reached skill level 4 in Stealth
  1062 | D:2      | Noticed Sigmund
  1073 | D:2      | Slain by Sigmund
